 Dungeon Crawl Stone Soup version 0.31.0-9-g3a7656b989 (webtiles) character file.

Game seed: 6335288169711069556

46 qw the Shooter (level 3, 0/18 HPs)
             Began as a Spriggan Hunter on Feb 2, 2024.
             Slain by a goblin
             ... wielding a +0 club
             ... led by Robin
              (1 damage)
             ... on level 2 of the Dungeon.
             The game lasted 00:00:04 (1064 turns).

qw the Shooter (Spriggan Hunter)                    Turns: 1064, Time: 00:00:04

Health: 0/18       AC:  6    Str:  7    XL:     3   Next: 46%
Magic:  4/4        EV: 19    Int: 10    God:
Gold:   43         SH:  0    Dex: 20    Spells: 2/2 levels left

rFire   . . .        a - +0 shortbow (flame)
rCold   . . .        (shield currently unavailable)
rNeg    + . .        c - +0 robe
rPois   .            (helmet restricted)
rElec   .            (no cloak)
rCorr   .            (gloves unavailable)
SInv    +            (boots unavailable)
Will    .....        (no amulet)
Stlth   ++           h - +4 ring of protection
HPRegen 0.23/turn    k - ring of positive energy
MPRegen 0.09/turn

%: no passive effects
@: very quick
A: very small, no large weapons, unfitting armour, see invisible, speed 3
a: no special abilities


You were on level 2 of the Dungeon.
You visited 1 branch of the dungeon, and saw 2 of its levels.

You collected 43 gold pieces.


Innate Abilities, Weirdness & Mutations

You are very small and have problems with some larger weapons.
You are too small for most types of armour.
You have supernaturally acute eyesight. (SInv)
You cover ground extremely quickly. (Speed+++)


   Skills:
 - Level 1.5 Fighting
 + Level 4.7 Ranged Weapons
 - Level 4.0 Dodging
 - Level 1.5 Stealth


You had 2 spell levels left.
You didn't know any spells.
Your spell library was empty.

Inventory:

Hand Weapons
 a - a +0 shortbow of flaming (weapon)
Armour
 c - a +0 robe (worn)
Jewellery
 h - a +4 ring of protection (left hand)
 k - a ring of positive energy (right hand)
Scrolls
 b - a scroll of acquirement {unknown}
Potions
 e - a potion of curing
 i - a potion of mutation
 j - a potion of might {unknown}
 m - a potion of attraction {unknown}

Dungeon Overview and Level Annotations

Branches:
Dungeon (2/15)

Altars:

Annotations:
D:2 Robin


Message History

You shoot an arrow. The arrow closely misses the goblin.
The goblin no longer looks unusually strong.
The goblin hits you but does no damage. The goblin barely misses you.
The goblin shoots a sling bullet.
The sling bullet completely misses you.
You shoot an arrow. The arrow closely misses the goblin.
The goblin completely misses you. Robin throws the goblin at you!
The goblin completely misses you.
You shoot an arrow.
The arrow hits the goblin but does no damage.
The goblin completely misses you. The goblin hits you with a +0 club.
The goblin closely misses you.
You shoot an arrow. The arrow barely misses the goblin.
The goblin no longer looks unusually strong.
The goblin closely misses you. x3
You shoot an arrow. The arrow hits the goblin.
The arrow burns the goblin.
You kill the goblin!
The goblin hits you but does no damage. The goblin completely misses you.
The goblin shoots a sling bullet.
The sling bullet closely misses you.
The goblin misses you. x2; Robin throws the goblin at you!
You shoot an arrow. The arrow misses the goblin.
The goblin unwields a +0 sling.
The goblin wields a +0 dagger.
The goblin misses you. x3
You shoot an arrow. The arrow hits the goblin!
The arrow burns the goblin.
You kill the goblin!
Robin roars a battlecry!
The goblin goes into a battle-frenzy!
The adder misses you. The goblin hits you with a +0 dagger.
The goblin completely misses you.
You shoot an arrow. The arrow barely misses the adder.
The goblin no longer looks unusually strong.
The adder barely misses you. The goblin misses you.
The goblin completely misses you.
You shoot an arrow. The arrow hits the adder.
The arrow burns the adder.
The adder is severely wounded.
The adder bites you but does no damage. The goblin barely misses you.
The goblin closely misses you. The adder bites you.
You shoot an arrow. The arrow misses the adder.
The adder misses you. The goblin completely misses you.
The goblin hits you with a +0 club.
You die...

#.#..#########......
# #...## ####.#. #.
#.#.#.## #.#.
#.#.##.##|# #... ...
..##.# ##..
.##.##.##.# #.# .
#.#.#.## #.# #...##
.# ##@## #.ggSg.....
#.#.##).### #.#.# .#
# ..# # .## . ..


You could see Robin, an adder and 2 goblins.

Vanquished Creatures
  2 dart slugs (D:1)
  3 ball pythons (D:1)
  2 endoplasms (D:1)
  3 giant cockroaches
  7 goblins
  4 hobgoblins
  4 kobolds (D:1)
  A quokka (D:1)
  5 bats (D:1)
  4 frilled lizards
  2 rats (D:1)
37 creatures vanquished.

Notes
Turn   | Place    | Note
-------+----------+-------------------------------------------
     0 | D:1      | qw the Spriggan Hunter began the quest for the Orb.
     0 | D:1      | Reached XP level 1. HP: 10/10 MP: 2/2
     0 | D:1      | 0 ||| qw: Version: 0.3-a-155-g5e7d8dd
     0 | D:1      | 0 ||| qw: Game counter: 2340
     0 | D:1      | 0 ||| qw: Melee chars always use a shield: true
     0 | D:1      | 0 ||| qw: God list: Okawaru
     0 | D:1      | 0 ||| qw: Allow faded altars: false
     0 | D:1      | 0 ||| qw: Do Orc after clearing Dungeon:15 true
     0 | D:1      | 0 ||| qw: Do second Lair branch before Depths: true
     0 | D:1      | 0 ||| qw: Lair rune preference: random
     0 | D:1      | 0 ||| qw: Goals: Normal
     0 | D:1      | 0 ||| PLANNING D:1-11
    39 | D:1      | Reached skill level 3 in Dodging
   114 | D:1      | Reached XP level 2. HP: 14/14 MP: 3/3
   271 | D:1      | Found a faded altar of an unknown god.
   526 | D:1      | Reached XP level 3. HP: 18/18 MP: 4/4
   874 | D:1      | 874 ||| UPGRADING to +4 ring of protection.
   875 | D:1      | 875 ||| UPGRADING to ring of positive energy.
   876 | D:1      | 876 ||| READING 3 scrolls labelled POANURRA YSUPP.
   876 | D:1      | 876 ||| IDENTIFYING murky puce potion
   877 | D:1      | 877 ||| READING 2 scrolls of identify.
   877 | D:1      | 877 ||| IDENTIFYING metallic sapphire potion
   878 | D:1      | 878 ||| READING scroll of identify.
   878 | D:1      | 878 ||| IDENTIFYING silvery potion
   879 | D:1      | 879 ||| READING scroll labelled ERYKHUETOR.
   879 | D:1      | 879 ||| BRANDING +0 shortbow.
   880 | D:1      | 880 ||| READING scroll labelled ITEANI YSINAL.
   881 | D:1      | 881 ||| DROPPING scroll of butterflies.
   882 | D:1      | 882 ||| DROPPING potion of lignification.
   884 | D:1      | 884 ||| Stepping ~*~*~tactically~*~*~ (cloud).
   892 | D:1      | HP: 4/18 [poisoned by you (poison gas)]
  1039 | D:2      | Noticed Robin
  1059 | D:2      | HP: 4/18 [Robin/goblin (3)]
  1063 | D:2      | HP: 1/18 [adder (2)]
  1064 | D:2      | Slain by a goblin

Levels and vault maps discovered:
D:1:      lemuel_arrival_river_bridge, layout_basic,
          dreamdust_ecumenical_altar_hidden_monk_grotto
D:2:      layout_loops_cross, st_stairs_10, serial_bayou_pond_c, uniq_robin,
          uniq_terence

Skill      XL: |  1  2 |
---------------+-------+-----
Dodging        | 3 4 |  4.0
Fighting       | |  1.5
Ranged Weapons | |  4.7
Stealth        | |  1.5

Action                     || total
---------------------------++-------
   Fire: Shortbow          ||    89
    Use: Scroll            ||     5
 Armour: Robe              ||    19
  Dodge: Dodged            ||    62

Table legend:
 A = Non-vault XP
 B = Vault XP
 C = Vault XP percentage of total XP
 D = Non-vault monster count
 E = Vault monster count
 F = Vault count percentage of total count
                 A         B        C        D         E       F
            +---------+---------+-------+---------+---------+-------
      Total |      51 |      16 |  23.9 |      29 |       8 |  21.6
            +---------+---------+-------+---------+---------+-------
        D:1 |      48 |       0 |   0.0 |      27 |       0 |   0.0
        D:2 |       3 |      16 |  84.2 |       2 |       8 |  80.0
            +---------+---------+-------+---------+---------+-------
